 Dungeon Crawl Stone Soup version 0.29-a0-1027-gcd8c55af63 (webtiles) character file.

Game seed: 5579921634562645300

251 frimble the Digger (level 5, -1/35 HPs)
             Began as a Demonspawn Earth Elementalist on Aug 13, 2022.
             Slain by a black bear (2 damage)
             ... on level 5 of the Dungeon.
             The game lasted 00:06:01 (4432 turns).

frimble the Digger (Demonspawn Earth Elementalist)  Turns: 4432, Time: 00:06:01

Health: -1/35      AC:  3    Str:  8    XL:     5   Next: 88%
Magic:  5/8        EV: 14    Int: 19    God:
Gold:   125        SH:  5    Dex: 13    Spells: 2/8 levels left

rFire   . . .      SeeInvis .   p - +2 dagger (speed)
rCold   . . .      Faith    .   (no shield)
rNeg    . . .      Spirit   .   a - +0 robe
rPois   .          Reflect  +   (no helmet)
rElec   .          Harm     .   (no cloak)
rCorr   .          Rampage  .   k - +0 pair of gloves
Will    .....                   (no boots)
Stlth   ++........              m - amulet "Dinteidgh" {Reflect Regen+ SH+5}
HPRegen 0.91/turn               (no ring)
MPRegen 0.11/turn               (no ring)

@: attractive
A: repulsion field 1, powered by death 2
a: no special abilities


You were on level 5 of the Dungeon.
You visited 1 branch of the dungeon, and saw 5 of its levels.

You collected 125 gold pieces.

Inventory:

Hand Weapons
 h - a +3 dagger
 p - a +2 dagger of speed (weapon)
Armour
 a - a +0 robe (worn)
 k - a +0 pair of gloves (worn)
 o - a +0 buckler
Jewellery
 m - the amulet "Dinteidgh" (around neck) {Reflect Regen+ SH+5}
   (You acquired it on level 3 of the Dungeon)

   [amulet of reflection]

   It reflects blocked missile attacks.
   Regen:     It increases your rate of health regeneration.
   SH:        It affects your SH (+5).
Wands
 r - a wand of polymorph (10)
Scrolls
 c - 2 scrolls of enchant weapon
 e - 5 scrolls of teleportation
 f - a scroll of fog
 i - a scroll of amnesia
Potions
 b - 2 potions of magic
 g - a potion of brilliance {unknown}
 j - 2 potions of lignification
 l - a potion of attraction
 n - a potion of heal wounds {unknown}
 q - a potion of flight {unknown}


   Skills:
 + Level 2.2 Short Blades
 - Level 1.7 Dodging
 - Level 1.7 Stealth
 - Level 2.0 Spellcasting
 + Level 2.4 Conjurations
 - Level 3.0 Transmutations
 + Level 3.7 Earth Magic


You had 2 spell levels left.
You knew the following spells:

 Your Spells              Type           Power      Damage    Failure   Level
a - Sandblast             Erth           32%        2d9       3%          1
b - Passwall              Tmut/Erth      11%        N/A       6%          2
c - Stone Arrow           Conj/Erth      26%        3d8       14%         3

Your spell library contained the following spells:

 Spells                   Type           Power      Damage    Failure   Level
 Sting                    Tmut/Pois      28%        1d4       9%          1
 Poisonous Vapours        Pois/Air       2%         N/A       26%         2
 Petrify                  Tmut/Erth      14%        N/A       38%         4
 Olgreb's Toxic Radiance  Pois           1%         N/A       86%         4


Dungeon Overview and Level Annotations

Branches:
Dungeon (5/15)
 Temple: D:4-7

Altars:
Ashenzari
Dithmenos
Hepliaklqana
Makhleb
Nemelex Xobeh
Ru
Vehumet

Annotations:
D:4 2 runed translucent doors, Edmund; componib's ghost, amateur MiHu


Innate Abilities, Weirdness & Mutations

You are surrounded by a mild repulsion field. (EV +2)
You regenerate health from kills.


Message History

The hound misses you. The black bear bites you! The black bear claws you.
* * * LOW HITPOINT WARNING * * *
The black bear closely misses you. The hound bites you.
* * * LOW HITPOINT WARNING * * *
You block the black bear's attack. x2; The black bear claws you.
* * * LOW HITPOINT WARNING * * *
A kobold comes into view. It is wielding a +0 club.
Okay, then.
Unknown command.
Okay, then.
Unknown command.
You feel better.
The ogre shouts!
The hound bites you. The black bear bites you.
* * * LOW HITPOINT WARNING * * *
The black bear misses you. The black bear claws you.
* * * LOW HITPOINT WARNING * * *
The hound barely misses you.
Okay, then.
Unknown command.
Unknown command.
Unknown command.
Unknown command.
Okay, then.
You feel better. The black bear bites you.
* * * LOW HITPOINT WARNING * * *
The black bear claws you but does no damage.
The black bear closely misses you. You block the hound's attack.
The black bear misses you. The black bear claws you.
* * * LOW HITPOINT WARNING * * *
The black bear claws you.
* * * LOW HITPOINT WARNING * * *
A white imp comes into view.
Okay, then.
Unknown command.
It was a potion of attraction.
You feel attractive to monsters. You block the hound's attack.
The black bear closely misses you. The black bear completely misses you.
The black bear claws you.
You die...

## ##.## #...###..
####........ ###
##.h#K....... ##..#
##.@hKK....... #....
#...#KK.......
#....##..##.........
###....##.......O.....
##..#...#..........K...
.............#....5..!
##...........###...O..
#.......####.#. ..... .
##.......##....#


You could see a black bear (berserk), a kobold brigand, an ogre, a hound, a
white imp (wandering) and 5 kobolds.

Vanquished Creatures
  A scorpion (D:3)
  An iguana (D:4)
  7 adders
  An ufetubus (D:4)
  2 worms (D:2)
  3 dart slugs
  4 orcs
  8 ball pythons
  3 bats
  7 endoplasms
  A giant cockroach (D:1)
  5 goblins
  11 hobgoblins
  7 jackals
  11 frilled lizards
  5 kobolds
  7 rats
84 creatures vanquished.

Vanquished Creatures (others)
  4 plants (D:4)
4 creatures vanquished.

Grand Total: 88 creatures vanquished

Notes
Turn   | Place    | Note
-------+----------+-------------------------------------------
     0 | D:1      | frimble the Demonspawn Earth Elementalist began the quest
                  | for the Orb.
     0 | D:1      | Reached XP level 1. HP: 13/13 MP: 3/3
   232 | D:1      | Reached skill level 1 in Transmutations
   677 | D:1      | Gained mutation: You are surrounded by a mild repulsion
                  | field. (EV +2) [demonic ancestry]
   677 | D:1      | Reached XP level 2. HP: 19/19 MP: 3/5
  1471 | D:2      | Gained mutation: You regenerate a little health from kills.
                  | [demonic ancestry]
  1471 | D:2      | Reached XP level 3. HP: 24/24 MP: 3/6
  1833 | D:2      | Found a hazy altar of Hepliaklqana.
  1837 | D:2      | Learned a level 2 spell: Passwall
  1844 | D:2      | Learned a level 3 spell: Stone Arrow
  2321 | D:2      | Reached XP level 4. HP: 25/30 MP: 7/7
  2471 | D:3      | Reached skill level 1 in Conjurations
  2574 | D:3      | Reached skill level 1 in Short Blades
  2843 | D:3      | Found a faded altar of an unknown god.
  3091 | D:3      | Noticed a scorpion
  3105 | D:3      | Killed a scorpion
  3106 | D:3      | Gained mutation: You regenerate health from kills. [demonic
                  | ancestry]
  3106 | D:3      | Reached XP level 5. HP: 9/35 MP: 1/8
  3649 | D:3      | Identified a scroll of acquirement
  3650 | D:3      | Acquired the amulet "Dinteidgh" {Reflect Regen+ SH+5}
  3681 | D:4      | Found a shadowy altar of Dithmenos.
  3774 | D:4      | Found a burning altar of Makhleb.
  3774 | D:4      | Noticed Edmund
  3786 | D:4      | Found a broken altar of Ashenzari.
  3786 | D:4      | Found a sacrificial altar of Ru.
  3787 | D:4      | Found a sparkling altar of Nemelex Xobeh.
  3974 | D:4      | Found a large runed translucent door.
  3974 | D:4      | Found a large runed translucent door.
  4109 | D:4      | Found a radiant altar of Vehumet.
  4154 | D:4      | Noticed componib's ghost (amateur MiHu)
  4393 | D:5      | Entered Level 5 of the Dungeon
  4419 | D:5      | Noticed a black bear
  4425 | D:5      | Noticed an ogre
  4431 | D:5      | HP: 1/35 [black bear (2)]
  4432 | D:5      | Slain by a black bear

Illustrated notes

Levels and vault maps discovered:
D:1:      saegor_arrival_miasma, layout_loops_corners
D:2:      layout_loops_ring, basic_altar
D:3:      layout_loops_cross, elyvilon_altar_4,
          shapermc_ecumenical_altar_acropolis
D:4:      layout_cave_pools, lemuel_doored_altar, grunt_dithmenos_smoke,
          chequers_temple_overflow_statue_of_worship,
          ebering_ghost_disaster_area, minmay_lizard_king, uniq_edmund
D:5:      layout_cave_pools, mainiacjoe_overflow_surrounded_room

Skill      XL: |  1  2  3  4  5 |
---------------+----------------+-----
Transmutations | 1 2 3 |  3.0
Earth Magic    | 3 |  3.7
Conjurations   | 2 |  2.4
Short Blades   | 1 2 |  2.2
Dodging        | |  1.7
Stealth        | |  1.7
Spellcasting   | |  2.0

Action                   |  1- 3 |  4- 6 || total
-------------------------+-------+-------++-------
Melee: Unarmed           |    12 |       ||    12
       Dagger            |    17 |   111 ||   128
       Punch             |       |     3 ||     3
 Cast: Sandblast         |    57 |    36 ||    93
  Use: Scroll            |     3 |     6 ||     9
       Potion            |       |     6 ||     6
 Stab: Sleeping          |     3 |     3 ||     6
Armor: Robe              |     9 |    43 ||    52
       Skin              |       |     5 ||     5
Dodge: Dodged            |    45 |   119 ||   164
Block: Other             |       |    20 ||    20

Table legend: (Time is in decaauts)
 A = Elapsed time spent in this place.
 B = Non-inter-level travel time spent in this place.
 C = Inter-level travel time spent in this place.
 D = Time resting spent in this place.
 E = Time spent auto-exploring this place.
 F = Levels seen in this place.
 G = Mean time per level.
                   A        B        C        D        E       F      G
               +--------+--------+--------+--------+--------+-----+--------+
         Total |   4515 |   4375 |    140 |    100 |   3609 |   5 |  903.0 |
       Dungeon |   4515 |   4375 |    140 |    100 |   3609 |   5 |  903.0 |
               +--------+--------+--------+--------+--------+-----+--------+

Top non-repeatable levels by time:
     D:1: 1577 daAuts
     D:3: 1273 daAuts
     D:2: 904 daAuts
     D:4: 717 daAuts
     D:5: 41 daAuts
